 Dungeon Crawl Stone Soup version 0.30-a0-528-g8c47a4955b (webtiles) character file.

Game seed: 3899020504852786081

105 arthad the Grasshopper (level 4, 0/32 (38) HPs)
             Began as a Gnoll Warper on Dec 24, 2022.
             Succumbed to an orc wizard's poison
             ... on level 3 of the Dungeon.
             The game lasted 00:05:20 (1734 turns).

arthad the Grasshopper (Gnoll Warper)               Turns: 1734, Time: 00:05:21

HP:   0/32 (38)     AC: 10    Str: 17    XL:     4   Next: 83%
MP:   11/11         EV: 13    Int: 14    God:
Gold: 128           SH:  0    Dex: 11    Spells: 2/13 levels left

rFire   . . .      SeeInvis .    w - +0 eveningstar
rCold   . . .      Faith    .    (no shield)
rNeg    . . .      Spirit   .    v - +0 troll leather armour
rPois   .          Reflect  .    n - +0 helmet
rElec   .          Harm     .    (no cloak)
rCorr   .          Rampage  .    (no gloves)
Will    .....                    u - +0 pair of boots
Stlth   +                        (no amulet)
HPRegen 1.05/turn                o - +4 ring of protection
MPRegen 0.12/turn                q - +6 ring of strength

@: confused, brilliant, lethally poisoned (0 -> -5), heavily drained
A: fangs 1, strong nose, distributed training
a: no special abilities


You were on level 3 of the Dungeon.
You visited 1 branch of the dungeon, and saw 3 of its levels.

You collected 128 gold pieces.

Inventory:

Hand Weapons
 a - a +0 hand axe
 w - a +0 eveningstar (weapon)
Missiles
 d - 7 boomerangs of dispersal
 g - 5 poisoned darts (quivered)
Armour
 b - a +0 leather armour
 n - a +0 helmet (worn)
 u - a +0 pair of boots (worn)
 v - a +0 troll leather armour (worn)
Jewellery
 o - a +4 ring of protection (left hand)
 q - a +6 ring of strength (right hand)
Scrolls
 c - a scroll of blinking
 f - 2 scrolls of vulnerability {unknown}
 k - a scroll of magic mapping {unknown}
 l - a scroll of enchant armour {unknown}
 m - 2 scrolls of noise {unknown}
 p - 2 scrolls of teleportation {unknown}
 s - a scroll of fear {unknown}
 t - a scroll of identify {unknown}
Potions
 i - a potion of magic
 j - a potion of attraction


   Skills:
 + Level 4.7 Fighting
 + Level 1.3 Short Blades
 + Level 1.3 Long Blades
 + Level 4.7 Axes
 + Level 1.3 Maces & Flails
 + Level 1.3 Polearms
 + Level 1.3 Staves
 + Level 1.3 Ranged Weapons
 + Level 2.8 Throwing
 + Level 2.8 Armour
 + Level 4.7 Dodging
 + Level 1.3 Stealth
 + Level 1.3 Shields
 + Level 1.3 Unarmed Combat
 + Level 5.1 Spellcasting
 + Level 1.0 Conjurations
 + Level 1.0 Hexes
 + Level 1.0 Summonings
 + Level 1.0 Necromancy
 + Level 5.5 Translocations
 + Level 1.0 Transmutations
 + Level 1.0 Fire Magic
 + Level 1.0 Ice Magic
 + Level 1.0 Air Magic
 + Level 1.0 Earth Magic
 + Level 1.0 Poison Magic
 + Level 1.4 Invocations
 + Level 1.3 Evocations


You had 2 spell levels left.
You knew the following spells:

 Your Spells              Type           Power      Damage    Failure   Level
a - Blink                 Tloc           56%        N/A       3%          2
b - Lesser Beckoning      Tloc           56%        N/A       6%          3
c - Teleport Other        Tloc           28%        N/A       6%          3
d - Vhi's Electric Charg  Tloc/Air       38%        N/A       16%         3

Your spell library contained the following spells:

 Spells                   Type           Power      Damage    Failure   Level
 Manifold Assault         Tloc           28%        N/A       22%         4
 Dazzling Flash           Conj/Hex       18%        N/A       36%         3
 Iskenderun's Mystic Bla  Conj/Tloc      19%        2d6       45%         4
 Starburst                Conj/Fire      4%         6d4       100%        6


Dungeon Overview and Level Annotations

Branches:
Dungeon (3/15)

Altars:

Annotations:
D:3 1 runed translucent door, lotum's ghost, amateur DjHW


Innate Abilities, Weirdness & Mutations

You have very sharp teeth.
Your uncanny sense of smell can sniff out nearby items.
Your experience applies equally to all skills.


Message History

Something hits you but does no damage.
You closely miss something.
The goblin shoots a sling bullet.
The sling bullet misses you.
You hear some strange, mumbled words.
You are confused.
You hear some strange, mumbled words.
You are more confused.
You hear some strange, mumbled words.
A puff of flame appears from out of thin air!
The puff of flame hits you.
You miss something. Your bite misses something.
You hear some strange, mumbled words.
A puff of flame appears from out of thin air!
The puff of flame hits you!
The goblin shoots a sling bullet.
The sling bullet hits you.
You miss something. Something hits you.
You are poisoned.
The goblin shoots a sling bullet.
The sling bullet barely misses you. Something hits you but does no damage.
Something hits you.
You are lethally poisoned!
* * * LOW HITPOINT WARNING * * *
You feel very sick.
An orc wizard appears from thin air!
Reactivating autopickup.
Unknown command.
Unknown command.
Okay, then.
The orc wizard attacks as you move away!
The orc wizard hits you with a +2 dagger of venom.
* * * LOW HITPOINT WARNING * * *
x2 You feel very sick.
The orc wizard points at you and mumbles some strange words.
The puff of flame misses you.
Unknown command.
Unknown command.
You are too confused!
You are too confused!
You feel clever all of a sudden.
You die...

#....# # ##...###
#...... #.#.###
#.### #.# ###. #.#
... ########## #.#
#[(
#.@..)..†####.#####
####..
#.######..>.......#
..... #o#
######.###.#
#.g##g# #.# #g.))o#
#.# #o..### #.#
#.)..g.# #.#
#...#...# #.#
............ #.#


You could see an orc wizard, an orc and a goblin.

Vanquished Creatures
  Robin (D:3)
  4 adders
  3 worms
  2 dart slugs
  An orc (D:3)
  8 goblins
  9 hobgoblins
  5 kobolds
  3 quokkas
  2 ball pythons (D:2)
  3 bats
  A frilled lizard (D:1)
  A rat (D:2)
43 creatures vanquished.

Vanquished Creatures (others)
  2 withered plants (D:3)
2 creatures vanquished.

Grand Total: 45 creatures vanquished

Notes
Turn   | Place    | Note
-------+----------+-------------------------------------------
     0 | D:1      | arthad the Gnoll Warper began the quest for the Orb.
     0 | D:1      | Reached XP level 1. HP: 20/20 MP: 6/6
   243 | D:1      | Reached XP level 2. HP: 16/26 MP: 7/7
   626 | D:1      | You fall into a shaft and drop 1 floor!
   894 | D:2      | Reached skill level 5 in Spellcasting
   894 | D:2      | Reached XP level 3. HP: 28/31 MP: 7/9
   897 | D:2      | Reached skill level 1 in Invocations
   908 | D:2      | Learned a level 2 spell: Blink
   912 | D:2      | Learned a level 3 spell: Lesser Beckoning
   916 | D:2      | Learned a level 3 spell: Teleport Other
   920 | D:2      | Learned a level 3 spell: Vhi's Electric Charge
  1082 | D:2      | Reached skill level 1 in Short Blades
  1082 | D:2      | Reached skill level 1 in Long Blades
  1082 | D:2      | Reached skill level 1 in Maces & Flails
  1082 | D:2      | Reached skill level 1 in Polearms
  1082 | D:2      | Reached skill level 1 in Staves
  1082 | D:2      | Reached skill level 1 in Ranged Weapons
  1082 | D:2      | Reached skill level 1 in Stealth
  1082 | D:2      | Reached skill level 1 in Shields
  1082 | D:2      | Reached skill level 1 in Unarmed Combat
  1082 | D:2      | Reached skill level 1 in Evocations
  1537 | D:3      | Noticed lotum's ghost (amateur DjHW)
  1538 | D:3      | Found a runed translucent door.
  1607 | D:3      | Reached XP level 4. HP: 38/38 MP: 11/11
  1663 | D:3      | Reached skill level 1 in Conjurations
  1663 | D:3      | Reached skill level 1 in Hexes
  1663 | D:3      | Reached skill level 1 in Summonings
  1663 | D:3      | Reached skill level 1 in Necromancy
  1663 | D:3      | Reached skill level 1 in Transmutations
  1663 | D:3      | Reached skill level 1 in Fire Magic
  1663 | D:3      | Reached skill level 1 in Ice Magic
  1663 | D:3      | Reached skill level 1 in Air Magic
  1663 | D:3      | Reached skill level 1 in Earth Magic
  1663 | D:3      | Reached skill level 1 in Poison Magic
  1673 | D:3      | Noticed Robin
  1678 | D:3      | Killed Robin
  1734 | D:3      | Succumbed to an orc wizard's poison

Illustrated notes

Levels and vault maps discovered:
D:1:      lightli_arrival_lavapool, layout_loops_cross
D:2:      layout_basic, minmay_indecisive_spiral
D:3:      layout_loops_ring, yredelemnul_altar_generic, gammafunk_ghost_grave,
          uniq_robin

Skill      XL: |  1  2  3  4 |
---------------+-------------+-----
Spellcasting   | 5 |  5.1
Invocations    | 1 |  1.4
Short Blades   | 1 |  1.3
Long Blades    | 1 |  1.3
Maces & Flails | 1 |  1.3
Polearms       | 1 |  1.3
Staves         | 1 |  1.3
Ranged Weapons | 1 |  1.3
Stealth        | 1 |  1.3
Shields        | 1 |  1.3
Unarmed Combat | 1 |  1.3
Evocations     | 1 |  1.3
Conjurations   | 1 |  1.0
Hexes          | 1 |  1.0
Summonings     | 1 |  1.0
Necromancy     | 1 |  1.0
Transmutations | 1 |  1.0
Fire Magic     | 1 |  1.0
Ice Magic      | 1 |  1.0
Air Magic      | 1 |  1.0
Earth Magic    | 1 |  1.0
Poison Magic   | 1 |  1.0
Fighting       | |  4.7
Axes           | |  4.7
Throwing       | |  2.8
Armour         | |  2.8
Dodging        | |  4.7
Translocations | |  5.5

Action                   |  1- 3 |  4- 6 || total
-------------------------+-------+-------++-------
Melee: Hand axe          |   105 |       ||   105
       Bite              |    11 |     3 ||    14
       Eveningstar       |     7 |    63 ||    70
       Punch             |     2 |     2 ||     4
 Cast: Vhi's Electric Ch |       |     1 ||     1
  Use: Potion            |     1 |     7 ||     8
Armor: Leather armour    |    44 |       ||    44
       Troll leather arm |     4 |    49 ||    53
Dodge: Dodged            |    74 |    70 ||   144

Table legend: (Time is in decaauts)
 A = Elapsed time spent in this place.
 B = Non-inter-level travel time spent in this place.
 C = Inter-level travel time spent in this place.
 D = Time resting spent in this place.
 E = Time spent auto-exploring this place.
 F = Levels seen in this place.
 G = Mean time per level.
                   A        B        C        D        E       F      G
               +--------+--------+--------+--------+--------+-----+--------+
         Total |   1757 |   1701 |     56 |      0 |   1298 |   3 |  585.7 |
       Dungeon |   1757 |   1701 |     56 |      0 |   1298 |   3 |  585.7 |
               +--------+--------+--------+--------+--------+-----+--------+

Top non-repeatable levels by time:
     D:2: 911 daAuts
     D:1: 628 daAuts
     D:3: 218 daAuts
